cohdb
Replays
Latest Replays
All Replays
Popular Replays
Top Player Replays
Match Explorer
How It Works
Community
CoH3 Stats
Reddit
Sign in to upload your games and track your stats! →
Sign in with Steam
Match 42619580
Unlisted
Match 42619580
Overview
Messages
Build Orders
End
Kettenkrad Recon Vehicle
Construct Infanterie Kompanie
Grenadier Squad
MG 42 Machine Gun Team
GrW 34 Mortar Team
Infanterie Officer Quarters
Construct Luftwaffe Kompanie
Jäger Squad
221 Scout Car
Support Elements
Jäger Squad
Pioneer Squad
Pioneer Squad
Wirbelwind Flakpanzer
Medical Bunker
Wirbelwind Flakpanzer
Luftwaffe Officer Quarters
Nubbl0r
nukesgallore117
0
0
Comments
sign in to comment!
No comments posted yet!